 Dungeon Crawl Stone Soup version 0.27-a0-148-g9515ab555c (webtiles) character file.

Game seed: 8745106066573040524

589792 jasper the Slayer (level 26, -15/250 HPs)
             Began as a Palentonga Fighter on Jan 26, 2021.
             Was the Champion of the Shining One.
             Killed from afar by a green draconian annihilator (78 damage)
             ... with a crystal spear
             ... on level 1 of the Realm of Zot.
             The game lasted 02:09:45 (79965 turns).

jasper the Slayer (Palentonga Fighter)             Turns: 79965, Time: 02:09:46

Health: -15/250    AC: 46    Str: 31    XL:     26   Next: 18%
Magic:  41/41      EV:  3    Int:  7    God:    the Shining One [******]
Gold:   4232       SH: 14    Dex: 11    Spells: 22/25 levels left

rFire    + + +     SeeInvis +   H - +9 broad axe (holy)
rCold    + + .     Faith    .   c - +2 kite shield of the Furies {rElec rF+ SInv}
rNeg     + + +     Spirit   .   G - +4 gold dragon scales
rPois    +         Reflect  .   g - +2 helmet {SInv}
rElec    +         Harm     .   X - +2 cloak "Baolineo" {rF+ Will+ rCorr}
rCorr    +         Rampage  .   z - +2 pair of gloves {Dex+3}
Will     ++...                  F - +6 lightning scales {run, rElec}
Stlth    ..........             Y - amulet of regeneration
HPRegen  0.91/turn              E - ring of protection from cold
MPRegen  0.27/turn              u - ring of Hauturch {rElec rF+ rN+++ MP+9 Dex-2}

@: corroded, glowing, curled up, quick
A: large, claws 1, rugged brown scales 3, see invisible, deformed body, dopey 2,
fire resistance 1, frail 1, low mp 1, poison resistance, strong 1, roll 1,
armoured tail, reflexive curl
}: 3/15 runes: barnacled, abyssal, gossamer
a: Rolling Charge, Renounce Religion, Divine Shield, Cleansing Flame, Summon
Divine Warrior


You were on level 1 of the Realm of Zot.
You worshipped the Shining One.
The Shining One was exalted by your worship.
You visited 11 branches of the dungeon, and saw 48 of its levels.
You visited the Abyss 1 time.
You visited 1 ziggurat, and saw 4 of its levels.
You also visited: Gauntlet and Desolation.

You collected 7915 gold pieces.
You spent 3683 gold pieces at shops.

Inventory:

Hand Weapons
 H - a +9 broad axe of holy wrath (weapon)
Missiles
 b - 34 javelins
 v - 92 boomerangs (quivered)
 O - 10 throwing nets
Armour
 c - the +2 kite shield of the Furies (worn) {rElec rF+ SInv}
   (You took it off Asterion on level 1 of the Spider Nest)

   It protects you from fire.
   It insulates you from electricity.
   It lets you see invisible.
 g - a +2 helmet of see invisible (worn)
 z - a +2 pair of gloves of dexterity (worn)
 F - the +6 lightning scales (worn) {run, rElec}
   (You found it on level 4 of the Depths)

   It insulates you from electricity.
 G - +4 gold dragon scales (worn)
 X - the +2 cloak "Baolineo" (worn) {rF+ Will+ rCorr}
   (You found it in a Gauntlet)

   It protects you from fire.
   It affects your willpower, your defense against some magical effects.
   It provides partial protection from all sources of acid and corrosion.
Jewellery
 u - the ring of Hauturch (right hand) {rElec rF+ rN+++ MP+9 Dex-2}
   (You found it on level 15 of the Dungeon)

   [ring of magical power]

   It affects your dexterity (-2).
   It protects you from fire.
   It insulates you from electricity.
   It renders you almost immune to negative energy.
   It affects your magic capacity (+9).
 E - a ring of protection from cold (left hand)
 T - an uncursed ring of willpower
 Y - an amulet of regeneration (around neck)
Wands
 o - a wand of iceblast (52)
 p - a wand of enslavement (26)
 q - a wand of digging (11)
 s - a wand of acid (45)
 w - a wand of polymorph (26)
 L - a wand of paralysis (19)
 N - a wand of flame (72)
 W - a wand of mindburst (11)
Scrolls
 a - 6 scrolls of immolation
 d - 27 scrolls of teleportation
 e - 6 scrolls of blinking
 j - 6 scrolls of magic mapping
 k - 5 scrolls of fog
 l - 11 scrolls of fear
 m - 5 scrolls of holy word
 n - 18 scrolls of remove curse
 t - a scroll of acquirement
 x - 4 scrolls of vulnerability
 J - 2 scrolls of silence
 P - 8 scrolls of identify
 V - a scroll of summoning
Potions
 f - 4 potions of magic
 h - 2 potions of haste
 i - 9 potions of ambrosia
 r - 2 potions of mutation
 y - 5 potions of brilliance
 A - 16 potions of curing
 B - 8 potions of flight
 C - 2 potions of resistance
 K - 4 potions of cancellation
 Q - 7 potions of lignification
 S - 8 potions of heal wounds
Miscellaneous
 D - a phial of floods
 I - a lightning rod (4/4)
 M - a box of beasts
 U - a tin of tremorstones (1/2)
 Z - a phantom mirror


   Skills:
 * Level 25.3 Fighting
 - Level 20.0 Axes
 + Level 17.5 Armour
 - Level 9.0 Shields
 + Level 9.8 Translocations
 - Level 18.7 Invocations
 - Level 14.5 Evocations


You had 22 spell levels left.
You knew the following spells:

 Your Spells              Type           Power        Failure   Level
a - Apportation           Tloc           26%          10%         1
b - Blink                 Tloc           N/A          14%         2

Your spell library contained the following spells:

 Spells                   Type           Power        Failure   Level
 Gell's Gravitas          Tloc           6%           28%         3
 Lesser Beckoning         Tloc           6%           28%         3
 Teleport Other           Tloc           13%          28%         3
 Passage of Golubria      Tloc           N/A          67%         4
 Portal Projectile        Hex/Tloc       12%          91%         3
 Animate Skeleton         Necr           0%           99%         1
 Beastly Appendage        Tmut           0%           99%         1
 Corona                   Hex            0%           99%         1
 Foxfire                  Conj/Fire      0%           99%         1
 Freeze                   Ice            0%           99%         1
 Magic Dart               Conj           0%           99%         1
 Pain                     Necr           0%           99%         1
 Sting                    Tmut/Pois      0%           99%         1
 Call Imp                 Summ           0%           100%        2
 Corpse Rot               Necr/Air       N/A          100%        2
 Ensorcelled Hibernation  Hex/Ice        0%           100%        2
 Poisonous Vapours        Pois/Air       0%           100%        2
 Searing Ray              Conj           0%           100%        2
 Slow                     Hex            0%           100%        2
 Wereblood                Tmut           0%           100%        2
 Confusing Touch          Hex            0%           100%        3
 Conjure Flame            Conj/Fire      0%           100%        3
 Dazzling Flash           Conj/Hex       0%           100%        3
 Frozen Ramparts          Ice            0%           100%        3
 Ignite Poison            Fire/Tmut/Pois 0%           100%        3
 Inner Flame              Hex/Fire       0%           100%        3
 Mephitic Cloud           Conj/Pois/Air  0%           100%        3
 Ozocubu's Armour         Ice            0%           100%        3
 Spider Form              Tmut/Pois      0%           100%        3
 Static Discharge         Conj/Air       0%           100%        3
 Stone Arrow              Conj/Erth      0%           100%        3
 Tukima's Dance           Hex            0%           100%        3
 Vampiric Draining        Necr           0%           100%        3
 Animate Dead             Necr           0%           100%        4
 Cause Fear               Hex            0%           100%        4
 Fulminant Prism          Conj/Hex       0%           100%        4
 Hailstorm                Conj/Ice       0%           100%        4
 Ice Form                 Ice/Tmut       0%           100%        4
 Iskenderun's Mystic Bla  Conj/Tloc      6%           100%        4
 Leda's Liquefaction      Hex/Erth       0%           100%        4
 Olgreb's Toxic Radiance  Pois           0%           100%        4
 Petrify                  Tmut/Erth      0%           100%        4
 Summon Ice Beast         Ice/Summ       0%           100%        4
 Summon Lightning Spire   Summ/Air       0%           100%        4
 Agony                    Necr           0%           100%        5
 Alistair's Intoxication  Tmut/Pois      0%           100%        5
 Blade Hands              Tmut           0%           100%        5
 Bolt of Magma            Conj/Fire/Erth 0%           100%        5
 Borgnjor's Vile Clutch   Necr/Erth      0%           100%        5
 Fireball                 Conj/Fire      0%           100%        5
 Iskenderun's Battlesphe  Conj           0%           100%        5
 Lee's Rapid Deconstruct  Erth           0%           100%        5
 Lightning Bolt           Conj/Air       0%           100%        5
 Metabolic Englaciation   Hex/Ice        0%           100%        5
 Silence                  Hex/Air        0%           100%        5
 Summon Forest            Summ/Tloc      3%           100%        5
 Summon Mana Viper        Hex/Summ       0%           100%        5
 Yara's Violent Unravell  Hex/Tmut       0%           100%        5
 Conjure Ball Lightning   Conj/Air       0%           100%        6
 Death Channel            Necr           0%           100%        6
 Dispersal                Tloc           6%           100%        6
 Eringya's Noxious Bog    Tmut/Pois      0%           100%        6
 Freezing Cloud           Conj/Ice/Air   0%           100%        6
 Hydra Form               Tmut           0%           100%        6
 Invisibility             Hex            0%           100%        6
 Iron Shot                Conj/Erth      0%           100%        6
 Ozocubu's Refrigeration  Ice            0%           100%        6
 Shadow Creatures         Summ           N/A          100%        6
 Simulacrum               Ice/Necr       0%           100%        6
 Dragon Form              Tmut           0%           100%        7
 Orb of Destruction       Conj           0%           100%        7
 Spellforged Servitor     Conj/Summ      0%           100%        7
 Summon Hydra             Summ           0%           100%        7
 Disjunction              Tloc           6%           100%        8
 Ignition                 Fire           0%           100%        8
 Dragon's Call            Summ           0%           100%        9
 Shatter                  Erth           0%           100%        9
 Tornado                  Air            0%           100%        9


Dungeon Overview and Level Annotations

Branches:
Dungeon (15/15)            Temple (0/1) D:7            Lair (6/6) D:9
 Shoals (4/4) Lair:4       Spider (4/4) Lair:4        Slime (0/5) Lair:6
    Orc (2/2) D:11            Elf (3/3) Orc:2        Vaults (4/5) D:14
  Crypt (3/3) Vaults:3       Tomb (0/3) Crypt:3      Depths (5/5) D:15
   Hell (visited)             Dis (0/7) Hell            Geh (0/7) Hell
    Coc (0/7) Hell            Tar (0/7) Hell            Zot (1/5) Depths:5
Desolation (visited)      Gauntlet (visited)

Altars:
Elyvilon
Gozag
Hepliaklqana
Kikubaaqudgha
Makhleb
Nemelex Xobeh
Okawaru
Qazlal
Sif Muna
Uskayaw
Xom
Yredelemnul
Zin
The Shining One
Beogh
Jiyva

Shops:
D:6 }   D:10 *   Orc:2 *[:   Elf:3 =   Shoals:1 *   Vaults:1 ?   Vaults:2 (
Depths:1 ([[}

Portals:
Hell: Depths:1 Depths:2 Depths:3 Depths:4 Depths:5
Abyss: Depths:4 Depths:5
Pandemonium: Depths:3

Annotations:
D:12 3 runed translucent doors, Ruskaite's ghost, journeyman MiFi
D:15 1 transporter
Lair:2 exclusion: oklob plant
Elf:1 3 runed translucent doors
Elf:2 7 runed translucent doors, Vatovie's ghost, journeyman MiBe
Elf:3 4 exclusions
Vaults:1 3 runed translucent doors, Ulaemata's ghost, adept HaHu
Hell exclusion: ice statue


Innate Abilities, Weirdness & Mutations

You are completely covered in rugged brown scales. (AC +3, +7% HP)
You have supernaturally acute eyesight. (SInv)
Armour fits poorly on your strangely shaped body.
You can roll at nearby foes to attack.
You have a long armoured tail.
You curl defensively after being hit.
You have sharp fingernails.
You are very dopey. (Int -4)
Your flesh is heat resistant. (rF+)
You are frail. (-10% HP)
Your magical capacity is low. (-10% MP)
Your system is resistant to poisons. (rPois)
Your muscles are strong. (Str +2)


Message History

You block the yellow draconian's attack.
The green draconian annihilator hits you but does no damage.
You block the green draconian annihilator's attack.
You hit the green draconian annihilator.
The green draconian annihilator is severely wounded.
The green draconian annihilator hits you but does no damage.
The green draconian annihilator tail-slaps you but does no damage.
You slash the green draconian annihilator!
The green draconian annihilator is severely wounded.
The yellow draconian throws acid at you.
The glob of acid hits you but does no damage.
You are splashed with acid!
You resist.
* * * LOW HITPOINT WARNING * * *
You take 7 damage, and have 62/250 hp.
You hit the green draconian annihilator but do no damage.
The green draconian annihilator is severely wounded.
You block the yellow draconian's attack.
The green draconian annihilator points at you and mumbles some strange words.
The crystal spear hits you!!!!
You die...

,,,,,,,,,,.......................
,,,,,**,,........................
,,,,****,.)......................
,,,,,****........[)[....[.......#
,,,,,,****.........)...........##
,,,,,,,***#...................###
*,,,,,,,**####..d..........######
**,,,,,,,** #...[...........# ##.
**,,,,,,,**#...@)..........###..
**,,,,...##...q...........##...
**,,,.......)))..........#....
**,,.........................
**,.......................|.
**.......................>.
*#.......................#
##.....................##
##...................##


You could see a yellow draconian (catching breath) and a green draconian
annihilator.

Vanquished Creatures
  Boris (twice) (Crypt:2 Depths:2)
  A caustic shrike (Depths:3)
  4 golden dragons
  Geryon (Hell)
  Jory (Crypt:3)
  4 bone dragons
  A hellephant (Hell)
  Rupert (D:15)
  7 liches
  Jorgrun (Orc:2)
  2 deep elf master archers (Elf:3)
  A quicksilver dragon (Zot:1)
  2 deep elf blademasters
  A titan (Depths:2)
  Asterion (Spider:1)
  5 ancient champions
  5 tentacled starspawn
  Murray (Hell)
  Polyphemus (Shoals:3)
  5 sphinxes
  3 shadow dragons (Zot:1)
  3 acid blobs (Depths:4)
  3 draconian monks
  Kirke (D:15)
  5 tengu reavers
  5 storm dragons
  A death cob (Depths:5)
  3 revenants
  2 fire giants
  5 frost giants
  9 deep elf sorcerers
  2 iron dragons
  2 imperial myrmidons (Desolation)
  4 draconian scorchers
  A draconian knight (Zig:3)
  5 ghost moths
  An orc warlord (Orc:2)
  3 emperor scorpions
  A caustic shrike zombie (Hell)
  8 vault wardens
  2 curse skulls
  11 ghouls
  A cacodemon (Abyss:2)
  15 stone giants
  2 draconian stormcallers
  3 deep elf elementalists (Elf:3)
  A draconian shifter (Zot:1)
  9 ironheart preservers
  3 reapers
  17 very ugly things
  5 vampire knights
  A minotaur (Gauntlet)
  12 deep elf annihilators
  9 deep elf demonologists
  3 black draconians (Zot:1)
  4 red draconians
  3 yellow draconians
  2 entropy weavers
  12 spark wasps
  A white draconian (Depths:5)
  13 deep elf death magi
  3 halazid warlocks (Desolation)
  3 blizzard demons
  5 eidola
  6 merfolk javelineers
  8 ettins
  11 ragged hierophants (Desolation)
  A mummy priest (Hell)
  2 death oozes (Depths:4)
  8 merfolk impalers
  2 crystal guardians (Desolation)
  2 deep elf high priests
  18 fire dragons
  Josephine (Lair:6)
  14 jiangshi
  5 rakshasas
  3 hydras
  8 great orbs of eyes
  5 servants of whispers (Desolation)
  A quicksilver dragon zombie (Hell)
  7 yaktaur captains
  9 ice dragons
  A kraken zombie (Hell)
  Erolcha (D:12)
  9 boulder beetles
  5 catoblepae
  8 vault guards
  4 death knights
  4 spriggan air magi
  7 peacekeepers (Desolation)
  An alligator snapping turtle (Shoals:2)
  5 hell beasts
  4 merfolk avatars
  A satyr (Shoals:3)
  Erica (D:8)
  32 two-headed ogres
  2 merfolk aquamancers
  12 vampire magi
  12 centaur warriors
  23 death yaks
  12 deep troll shamans
  11 ogre magi
  The ghost of IdlyInterested the Covert, a journeyman KoFi of Dithmenos (Lair:1)
  5 deep troll earth magi
  20 dancing weapons
  3 hell hogs (Hell)
  8 tengu warriors
  5 sun demons
  6 orc high priests
  9 soul eaters
  A titan zombie (Crypt:2)
  15 hell knights
  8 thrashing horrors
  23 deep elf knights
  A spectral emperor scorpion (Crypt:3)
  A golden dragon zombie (Crypt:3)
  17 shadow wraiths
  8 unseen horrors
  7 wretched stars
  3 iron trolls
  11 large abominations
  3 spatial maelstroms
  24 deep trolls
  6 small abominations
  2 storm dragon skeletons
  12 sea snakes
  A sea snake (shapeshifter) (Depths:5)
  2 anaconda zombies (Hell)
  An unseen horror (shapeshifter) (D:15)
  A swamp dragon (Zig:2)
  4 glowing orange brains
  5 bog bodies
  A kraken simulacrum (Hell)
  Pikel (D:9)
  7 wizards
  18 deep elf archers
  5 flayed ghosts
  37 skeletal warriors
  An iron giant skeleton (Crypt:1)
  13 necromancers
  22 ironbrand convokers
  61 deep elf magi
  2 golden dragon skeletons (Crypt:2)
  A lindwurm (Lair:6)
  2 harpies (Shoals:1)
  An iron dragon zombie (Crypt:2)
  A spectral hydra (Crypt:3)
  23 phantasmal warriors
  2 spectral wolf spiders (Crypt:3)
  23 wolf spiders
  12 orb spiders
  A shadow dragon skeleton (Crypt:3)
  3 tengu skeletons
  13 cyclopes
  3 stone giant zombies (Hell)
  18 orc knights
  An orc sorcerer (Vaults:2)
  A fire giant zombie (Hell)
  A shining eye (Depths:4)
  3 worldbinders
  40 ugly things
  11 fauns
  2 salamanders (shapeshifter)
  3 frost giant zombies
  2 dire elephant zombies (Crypt:2)
  12 manticores
  5 black mambas
  6 guardian serpents (Desolation)
  4 moths of wrath
  A fire giant skeleton (Crypt:3)
  7 merfolk sirens
  10 elephants (Lair:6)
  A frost giant skeleton (Crypt:3)
  6 rust devils
  A torpor snail (Spider:1)
  10 vault sentinels
  An eye of devastation (Lair:6)
  4 water nymphs
  A stone giant skeleton (Crypt:1)
  2 orange demons
  21 cane toads
  A molten gargoyle (Desolation)
  Maggie (D:7)
  A yaktaur zombie (Hell)
  A hellion (Depths:1)
  5 kobold demonologists
  9 smoke demons
  4 rime drakes (Lair:2)
  A white draconian zombie (Crypt:2)
  22 demonic crawlers
  An efreet (Gauntlet)
  15 komodo dragons
  39 yaktaurs
  A komodo dragon (shapeshifter) (Depths:4)
  8 freezing wraiths
  11 ice devils
  An anaconda simulacrum (Hell)
  A golden dragon simulacrum (Crypt:3)
  3 red devils
  3 tengu conjurers
  32 merfolk
  2 hydra zombies (Hell)
  A queen bee (D:9)
  A spectral torturous demonspawn (Crypt:3)
  2 harpy zombies
  5 polar bears (Lair:6)
  5 ancient zymes
  12 trolls
  3 wind drakes
  31 jumping spiders
  A wolf spider simulacrum (Crypt:3)
  A troll (shapeshifter) (Depths:5)
  4 ice dragon zombies
  2 hornets (shapeshifter)
  A meliai zombie (D:12)
  14 hornets
  A moth of wrath zombie (Crypt:2)
  2 ettin zombies
  2 fire dragon zombies (Hell)
  3 hydra skeletons
  19 slime creatures
  50 saltlings (Desolation)
  Grinder (D:3)
  21 blink frogs
  6 snapping turtles
  Prince Ribbit (D:6)
  2 dream sheep (Lair:6)
  8 raiju
  2 stone giant simulacra
  A fire giant simulacrum (Vaults:4)
  4 air elementals (Depths:3)
  A deep troll zombie (Hell)
  9 flying skulls (Crypt:3)
  A spriggan zombie (Hell)
  A redback (shapeshifter) (Vaults:2)
  22 water elementals
  2 ettin skeletons (Crypt:2)
  A spriggan (shapeshifter) (Vaults:1)
  3 ynoxinuls
  31 tarantellas
  23 wraiths
  2 tarantellas (shapeshifter)
  68 redbacks
  14 spriggans
  The ghost of lunkers the Skirmisher, an amateur HOHu of Okawaru (D:4)
  4 wyverns
  14 shadows
  42 yaks
  10 fire elementals
  A basilisk (shapeshifter) (Vaults:4)
  2 hogs (D:15)
  A golden eye (shapeshifter) (D:15)
  Grum (D:10)
  4 neqoxecs
  2 vampire mosquitoes (D:15)
  Menkaure (D:6)
  A tengu zombie (Hell)
  A spectral cane toad (Crypt:3)
  12 water moccasins
  7 hell hounds
  5 wargs
  A spectral snapping turtle (Crypt:3)
  An acid dragon (D:15)
  A torturous demonspawn skeleton (Crypt:1)
  A hornet zombie (D:8)
  2 cane toad zombies (Hell)
  An elf skeleton (Vaults:1)
  A swamp drake (D:11)
  8 black bears
  A fire dragon simulacrum (Hell)
  49 orc warriors
  2 eyes of draining
  9 necrophages
  A cane toad skeleton (Crypt:2)
  2 ice beasts
  10 sky beasts
  An ogre (shapeshifter) (Depths:1)
  3 phantoms
  50 wolves
  12 centaurs
  23 boggarts
  A snapping turtle skeleton (Crypt:3)
  42 ogres
  3 lemures (D:9)
  3 big kobolds
  An elf zombie (D:7)
  2 salamander skeletons
  7 earth elementals
  20 bullfrogs
  2 water moccasin zombies
  A glowing shapeshifter simulacrum (Depths:4)
  A water moccasin skeleton (D:12)
  A cyclops skeleton (Crypt:2)
  2 wyvern skeletons
  A queen bee zombie (Crypt:3)
  5 scorpions
  A troll zombie (D:7)
  4 human simulacra
  24 killer bees
  A troll skeleton (Crypt:3)
  7 electric eels
  13 wights
  A yak skeleton (Crypt:3)
  4 centaur zombies
  2 bullfrog zombies
  6 crimson imps
  3 human zombies
  7 starcursed masses (Abyss:2)
  5 hounds
  7 jellies
  5 quasits
  2 bullfrog skeletons
  22 orc priests
  8 centaur skeletons
  2 iron imps
  A human skeleton (D:7)
  4 iguanas
  6 lightning spires
  30 orc wizards
  2 polar bear simulacra (Lair:3)
  7 worker ants
  22 hell rats
  Natasha (twice) (D:3)
  4 wolf simulacra (Lair:3)
  4 yak simulacra (Lair:3)
  A dwarf zombie (Crypt:3)
  A hound zombie (D:8)
  3 hound skeletons
  A mummy (D:7)
  A worker ant zombie (D:5)
  9 adders
  2 shadow imps
  A steam dragon skeleton (Crypt:2)
  20 white imps
  2 ufetubi
  4 oozes
  An iguana zombie (Crypt:2)
  An adder skeleton (D:4)
  An adder zombie (D:7)
  5 worms
  5 dart slugs
  4 leopard geckos
  133 orcs
  16 giant cockroaches
  8 goblins
  8 hobgoblins
  6 jackals
  20 kobolds
  2 quokkas (D:2)
  2 ball pythons
  6 bats
  8 frilled lizards
  A goblin skeleton (D:5)
  4 hobgoblin zombies (D:5)
  2 jackal skeletons
  A jackal zombie (D:7)
  A kobold zombie (D:5)
  A leopard gecko zombie (Crypt:1)
  3 orc zombies
  A quokka skeleton (D:7)
  A quokka zombie (D:5)
  5 rats
  A river rat simulacrum (Lair:3)
  7 ball lightnings (Depths:3)
  2 crawling corpses
  14 starspawn tentacles
  3 tentacles (Hell)
2610 creatures vanquished.

Vanquished Creatures (others)
  A spriggan berserker (Depths:4)
  A jumping spider (Spider:1)
  A hornet (Depths:3)
  A redback (Spider:1)
  A human (D:15)
  An ogre (Vaults:2)
  A boggart (Depths:2)
  An orc wizard (D:11)
  A bush (Lair:1)
  56 fungi
  A lurking horror (Abyss:4)
  134 plants
  3 starspawn tentacles (Abyss:2)
  16 tentacles (Hell)
219 creatures vanquished.

Grand Total: 2829 creatures vanquished

Notes
Turn   | Place    | Note
-------+----------+-------------------------------------------
     0 | D:1      | jasper the Palentonga Fighter began the quest for the Orb.
     0 | D:1      | Reached XP level 1. HP: 20/20 MP: 1/1
   192 | D:1      | Reached XP level 2. HP: 27/27 MP: 2/2
   438 | D:1      | Reached XP level 3. HP: 33/33 MP: 3/3
  1063 | D:2      | Reached XP level 4. HP: 40/40 MP: 4/4
  1486 | D:3      | Noticed Natasha
  1497 | D:3      | Killed Natasha
  1592 | D:3      | Noticed Grinder
  1596 | D:3      | Noticed Natasha
  1727 | D:3      | Found a faded altar of an unknown god.
  1732 | D:3      | Reached skill level 5 in Axes
  2130 | D:4      | Found Zin's Purification Station.
  2132 | D:4      | Found a glowing silver altar of Zin.
  2136 | D:4      | Bought a potion of curing for 90 gold pieces
  2174 | D:4      | Noticed a phantom
  2192 | D:4      | Reached XP level 5. HP: 36/48 MP: 5/5
  2214 | D:5      | Entered Level 5 of the Dungeon
  2443 | D:4      | Found a runed translucent gate.
  2446 | D:4      | Found a runed translucent gate.
  2447 | D:4      | Found a runed translucent gate.
  2447 | D:4      | Noticed lunkers's ghost (amateur HOHu)
  2466 | D:4      | Noticed an ogre
  2491 | D:4      | Killed an ogre
  2625 | D:4      | Reached XP level 6. HP: 54/54 MP: 6/6
  3515 | D:5      | Gained mutation: You curl defensively after being hit.
                  | [Palentonga growth]
  3515 | D:5      | Reached XP level 7. HP: 60/60 MP: 7/7
  3848 | D:5      | Found a glowing golden altar of the Shining One.
  3867 | D:5      | Became a worshipper of the Shining One
  4139 | D:5      | Found a stormy altar of Qazlal.
  4254 | D:5      | Reached XP level 8. HP: 61/67 MP: 8/8
  4314 | D:5      | Found a basalt altar of Yredelemnul.
  4399 | D:5      | Reached * piety under the Shining One
  4605 | D:6      | Reached skill level 10 in Axes
  4761 | D:6      | Noticed Prince Ribbit
  4763 | D:6      | Found Lif Goec's Gadget Shoppe.
  4777 | D:6      | Killed Prince Ribbit
  4971 | D:6      | Found an opulent altar of Gozag.
  5033 | D:6      | Noticed Menkaure
  5045 | D:6      | Killed Menkaure
  5523 | D:7      | Noticed Maggie
  5537 | D:7      | Killed Maggie
  5538 | D:7      | Reached XP level 9. HP: 68/73 MP: 9/9
  6006 | D:7      | Reached ** piety under the Shining One
  6300 | D:7      | Found an ancient bone altar of Kikubaaqudgha.
  6315 | D:7      | Reached *** piety under the Shining One
  6354 | D:7      | Found a staircase to the Ecumenical Temple.
  7574 | D:8      | Noticed Erica
  7592 | D:8      | Killed Erica
  7593 | D:8      | Reached XP level 10. HP: 30/82 MP: 10/10
  8637 | D:3      | Found a sparkling altar of Nemelex Xobeh.
  8743 | D:3      | Found a shimmering altar of Xom.
  8743 | D:3      | Found a burning altar of Makhleb.
  8902 | D:3      | Killed Natasha
  8907 | D:3      | Paralysed by Grinder for 3 turns
  8917 | D:3      | Killed Grinder
  9163 | D:9      | Reached skill level 4 in Fighting
  9343 | D:9      | Noticed Pikel
  9360 | D:9      | Killed Pikel
  9486 | D:9      | Reached **** piety under the Shining One
  9712 | D:9      | Noticed a death yak
  9727 | D:9      | Reached XP level 11. HP: 90/90 MP: 10/18
  9747 | D:9      | Killed a death yak
  9748 | D:9      | Reached skill level 5 in Fighting
  9832 | D:9      | Noticed a death yak
 10083 | D:10     | Entered Level 10 of the Dungeon
 10438 | D:10     | Noticed a two-headed ogre
 10443 | D:10     | Killed a two-headed ogre
 10572 | D:10     | Noticed Grum
 10595 | D:10     | Killed Grum
 10808 | D:10     | Found Fuinias's Assorted Antiques.
 10820 | D:10     | Bought a square cabochon amulet for 115 gold pieces
 10820 | D:10     | Bought a scroll of teleportation for 69 gold pieces
 10820 | D:10     | Bought a scroll of identify for 46 gold pieces
 10820 | D:10     | Bought a dire flail for 92 gold pieces
 10894 | D:10     | Found the +5 scythe "Finisher" {speed, eviscerate}
 10970 | D:10     | Reached skill level 6 in Fighting
 10970 | D:10     | Reached skill level 5 in Armour
 10970 | D:10     | Reached skill level 5 in Shields
 10970 | D:10     | Reached XP level 12. HP: 65/102 MP: 9/19
 11869 | D:11     | Noticed a two-headed ogre
 11877 | D:11     | Killed a two-headed ogre
 12202 | D:11     | Found a staircase to the Orcish Mines.
 12759 | Orc:1    | Entered Level 1 of the Orcish Mines
 12837 | Orc:1    | Reached skill level 7 in Fighting
 12908 | Orc:1    | Reached ***** piety under the Shining One
 13256 | Orc:2    | Entered Level 2 of the Orcish Mines
 13256 | Orc:2    | Found a staircase to the Elven Halls.
 13509 | D:9      | Found a white marble altar of Elyvilon.
 13513 | D:9      | Found an iron altar of Okawaru.
 13545 | D:9      | Found a staircase to the Lair.
 13545 | D:9      | Noticed a death yak
 13545 | D:9      | Noticed a death yak
 13546 | D:9      | Noticed a death yak
 13566 | D:9      | Killed a death yak
 13583 | D:9      | Killed a death yak
 13998 | D:9      | Reached skill level 8 in Fighting
 14322 | D:9      | Noticed a death yak
 14348 | D:9      | Noticed a death yak
 14358 | D:9      | Killed a death yak
 14421 | D:8      | Killed a death yak
 14642 | D:8      | Killed a death yak
 14843 | D:9      | Killed a death yak
 15102 | Lair:1   | Entered Level 1 of the Lair of Beasts
 15326 | Lair:1   | Reached XP level 13. HP: 42/115 MP: 14/20
 15656 | Lair:1   | Reached skill level 9 in Fighting
 15903 | Lair:1   | Found a large runed translucent door.
 15904 | Lair:1   | Found a large runed translucent door.
 15906 | Lair:1   | Noticed IdlyInterested's ghost (journeyman KoFi)
 17047 | D:4      | Killed lunkers's ghost
 17242 | Lair:1   | Killed IdlyInterested's ghost
 17861 | Lair:2   | Identified the Papyrus of the Frostbite
 18444 | Lair:2   | You fall into a shaft and drop 1 floor!
 18485 | Lair:2   | Reached skill level 10 in Fighting
 20770 | Lair:3   | Reached XP level 14. HP: 111/130 MP: 17/21
 20794 | Lair:3   | Reached skill level 11 in Fighting
 22222 | Lair:4   | Found a staircase to the Shoals.
 22245 | Lair:4   | Found a gate leading to a gauntlet.
 22298 | Gauntlet | Entered a Gauntlet
 22298 | Gauntlet | Found a transporter.
 22298 | Gauntlet | Found a transporter.
 22456 | Gauntlet | Found a transporter.
 22467 | Gauntlet | Found a large runed translucent door.
 22468 | Gauntlet | Found a large runed translucent door.
 22469 | Gauntlet | Found a large runed translucent door.
 22469 | Gauntlet | Found a large runed translucent door.
 22469 | Gauntlet | Found a large runed translucent door.
 22469 | Gauntlet | Found a large runed translucent door.
 22469 | Gauntlet | Found a large runed translucent door.
 22469 | Gauntlet | Found a large runed translucent door.
 22470 | Gauntlet | Found a runed translucent door.
 22470 | Gauntlet | Found a runed translucent gate.
 22471 | Gauntlet | Found a runed translucent gate.
 22471 | Gauntlet | Found a transporter.
 22471 | Gauntlet | Found a transporter.
 22471 | Gauntlet | Found a transporter.
 22471 | Gauntlet | Reached ****** piety under the Shining One
 22473 | Gauntlet | Found a transporter.
 22473 | Gauntlet | Found a transporter.
 22477 | Gauntlet | Found a runed translucent door.
 22477 | Gauntlet | Found a runed translucent door.
 22485 | Gauntlet | Found a transporter.
 22500 | Gauntlet | Found a runed translucent door.
 22501 | Gauntlet | Found a transporter.
 22502 | Gauntlet | Found a runed translucent door.
 22511 | Gauntlet | Found a transporter.
 22525 | Gauntlet | Found a transporter.
 22551 | Gauntlet | Found a large runed translucent door.
 22552 | Gauntlet | Found a large runed translucent door.
 22553 | Gauntlet | Found a large runed translucent door.
 22553 | Gauntlet | Found a large runed translucent door.
 22553 | Gauntlet | Found a large runed translucent door.
 22553 | Gauntlet | Found a large runed translucent door.
 22554 | Gauntlet | Found a large runed translucent door.
 22554 | Gauntlet | Found a large runed translucent door.
 22554 | Gauntlet | Found a runed translucent gate.
 22554 | Gauntlet | Found a runed translucent door.
 22559 | Gauntlet | Found a transporter.
 22571 | Gauntlet | Found a transporter.
 22800 | Gauntlet | Reached skill level 10 in Armour
 22802 | Gauntlet | Got a warped cloak
 22813 | Gauntlet | Identified the +2 cloak "Baolineo" {rF+ Will+ rCorr} (You
                  | found it in a Gauntlet)
 23375 | Gauntlet | Identified the +9 flail of the Kidney {flame, rF+}
 23405 | Gauntlet | Identified the Tome of Earth and Arcane Weapons
 23532 | Lair:4   | Reached skill level 12 in Fighting
 23722 | Lair:4   | Identified a +4 broad axe of holy wrath (a +2 broad axe
                  | blessed by the Shining One)
 23722 | Lair:4   | Received a gift from the Shining One
 23853 | Lair:4   | Found a hole to the Spider Nest.
 25235 | Lair:6   | Entered Level 6 of the Lair of Beasts
 25580 | Lair:5   | Paralysed by a hornet for 1 turns
 26068 | Orc:2    | Reached skill level 15 in Axes
 26215 | Orc:2    | Noticed Jorgrun
 26232 | Orc:2    | Killed Jorgrun
 26454 | Orc:2    | Found Noj Lass's Antique Armour Shoppe.
 26466 | Orc:2    | Bought a leather armour for 44 gold pieces
 26466 | Orc:2    | Bought a glowing kite shield for 165 gold pieces
 26809 | Orc:2    | Found a roughly hewn altar of Beogh.
 26830 | Orc:2    | Found Jung's Book Emporium.
 27281 | Orc:2    | Found Onwiech's Antique Weapon Boutique.
 27795 | Orc:2    | Found Viblul's General Store.
 27803 | Orc:2    | Bought a scroll of identify for 28 gold pieces
 27803 | Orc:2    | Bought a scroll of identify for 28 gold pieces
 28018 | Orc:2    | Noticed an orc warlord
 28042 | Orc:2    | Killed an orc warlord
 28473 | D:12     | Noticed Erolcha
 28477 | D:12     | Killed Erolcha
 28491 | D:12     | Reached XP level 15. HP: 140/141 MP: 22/22
 28751 | D:12     | Found a runed translucent gate.
 28751 | D:12     | Found a runed translucent gate.
 28755 | D:12     | Identified the +7 demon whip of Incongruity {freeze, rF+
                  | rC- rN++ Dex+5}
 28756 | D:12     | Found a runed translucent gate.
 28756 | D:12     | Noticed Ruskaite's ghost (journeyman MiFi)
 28930 | D:12     | Found an iron altar of Okawaru.
 29388 | D:13     | Found a roughly hewn altar of Beogh.
 29797 | D:14     | Found a gate to the Vaults.
 32101 | Lair:6   | Noticed Josephine
 32110 | Lair:6   | Killed Josephine
 32122 | Lair:6   | Found a staircase to the Slime Pits.
 32868 | Lair:6   | Reached XP level 16. HP: 146/148 MP: 23/23
 33018 | Lair:6   | Identified a scroll of acquirement
 33019 | Lair:6   | Acquired 634 gold pieces
 33282 | Spider:1 | Entered Level 1 of the Spider Nest
 33318 | Shoals:1 | Entered Level 1 of the Shoals
 34042 | Shoals:1 | Found Cigrig's Assorted Antiques.
 34087 | Shoals:1 | Bought a potion of curing for 93 gold pieces
 34087 | Shoals:1 | Bought a potion of resistance for 310 gold pieces
 34087 | Shoals:1 | Bought a scroll of enchant weapon for 232 gold pieces
 34087 | Shoals:1 | Bought a box of beasts for 1240 gold pieces
 35631 | Shoals:2 | Reached skill level 1 in Evocations
 36646 | Shoals:2 | Reached skill level 10 in Invocations
 36728 | Shoals:2 | Found a stormy altar of Qazlal.
 36886 | Shoals:2 | HP: 6/148 [drowned by a water elemental (4)]
 39118 | Elf:1    | Entered Level 1 of the Elven Halls
 39853 | Elf:1    | Reached skill level 13 in Fighting
 40984 | Elf:1    | Reached XP level 17. HP: 160/160 MP: 21/25
 40989 | Elf:1    | Noticed an Ice Fiend
 41771 | Elf:1    | Found a runed translucent gate.
 41771 | Elf:1    | Found a runed translucent gate.
 41771 | Elf:1    | Found a runed translucent gate.
 41771 | Elf:1    | Found a runed translucent gate.
 41771 | Elf:1    | Found a runed translucent gate.
 41773 | Elf:1    | Found a runed translucent gate.
 41942 | Elf:2    | Found a runed translucent gate.
 41942 | Elf:2    | Found a runed translucent gate.
 41943 | Elf:2    | Found a runed translucent gate.
 41943 | Elf:2    | Noticed Vatovie's ghost (journeyman MiBe)
 42015 | Elf:2    | Reached skill level 5 in Evocations
 42021 | Elf:2    | Reached skill level 14 in Fighting
 42543 | Elf:2    | Found a ruined gateway.
 42653 | Desolati | Entered the Desolation of Salt
 43431 | Desolati | Found the +15 Maxwell's patent armour {-Cast -Tele rElec
                  | Will+ rCorr}
 43462 | Desolati | Got a faintly glowing bronze ring
 43463 | Desolati | Identified the ring of Biebro {+Inv rElec rPois EV+4 Dex-3}
                  | (You found it in the Desolation of Salt)
 43810 | Desolati | Identified Fopn's Incunabulum of Glacial Beguiling
 43812 | Desolati | Identified the Almanac of Mutagenic Damage Dealing
 43816 | Desolati | Identified the Tome of Hexes and Stones
 44115 | Desolati | Reached XP level 18. HP: 79/173 MP: 11/27
 44119 | Desolati | Reached skill level 15 in Fighting
 46306 | Spider:1 | Identified the +2 kite shield of the Furies {rElec rF+
                  | SInv}
 46306 | Spider:1 | Noticed Asterion
 46319 | Spider:1 | Killed Asterion
 48612 | Spider:2 | Reached skill level 16 in Fighting
 50480 | Spider:4 | Entered Level 4 of the Spider Nest
 50631 | Spider:4 | Paralysed by a hornet for 2 turns
 51836 | Spider:3 | Reached XP level 19. HP: 174/186 MP: 25/28
 52526 | Spider:4 | Paralysed by a hornet for 2 turns
 53359 | Spider:4 | Got a gossamer rune of Zot
 54131 | Shoals:4 | Entered Level 4 of the Shoals
 54131 | Shoals:4 | Noticed Polyphemus
 55534 | Shoals:3 | Killed Polyphemus
 55535 | Shoals:3 | Reached skill level 17 in Fighting
 55822 | Shoals:4 | Identified the +7 quarterstaff of Defiance {vorpal, MP+9
                  | Str+3 Dex+3}
 55846 | Shoals:4 | Got a barnacled rune of Zot
 56234 | Elf:2    | Found a large runed translucent door.
 56234 | Elf:2    | Found a large runed translucent door.
 56258 | Elf:2    | Found a large runed translucent door.
 56258 | Elf:2    | Found a large runed translucent door.
 56636 | Elf:3    | Entered Level 3 of the Elven Halls
 56817 | Elf:3    | Acquired a +0 barding of fire resistance
 56856 | Elf:3    | Found Umpiyh's Jewellery Shoppe.
 57394 | Elf:3    | Noticed a Brimstone Fiend
 57665 | Elf:3    | Identified the ring of Fuebroeck {rElec Will- Str+3 Dex+6}
 57671 | Elf:3    | Identified the cursed ring "Resu" {Str+6 Dex-4}
 58497 | Elf:3    | Identified the cursed +0 whip of the Crushing Queen {flame,
                  | rElec rN+ Str+2}
 58522 | Elf:3    | Noticed a Brimstone Fiend
 58536 | Elf:3    | Reached XP level 20. HP: 200/200 MP: 30/30
 58593 | Elf:3    | Identified the +6 ring mail of Xeizuc {rF++}
 58601 | Elf:3    | Identified the +10 morningstar of the Dark Horse {flame,
                  | rF- Int+7}
 58622 | Elf:3    | Identified the +8 giant spiked club of the Median {protect,
                  | Int+5} (You found it on level 3 of the Elven Halls)
 58638 | Elf:3    | Identified the Reference Book on the Venomous Arsonist
 58681 | Elf:3    | Reached skill level 18 in Fighting
 58681 | Elf:3    | Reached skill level 10 in Evocations
 58983 | D:15     | Entered Level 15 of the Dungeon
 59053 | D:15     | Noticed Rupert
 59060 | D:15     | Noticed Kirke
 59072 | D:15     | Killed Rupert
 59078 | D:15     | Killed Kirke
 59372 | D:15     | Found a staircase to the Depths.
 59779 | D:15     | Identified the ring of Hauturch {rElec rF+ rN+++ MP+9
                  | Dex-2} (You found it on level 15 of the Dungeon)
 59802 | D:15     | Found a hazy altar of Hepliaklqana.
 59876 | D:15     | Identified the ring "Wedic" {Fire Str+6} (You found it on
                  | level 15 of the Dungeon)
 59889 | D:15     | Found a glowing silver altar of Zin.
 59910 | D:15     | Found a transporter.
 59918 | D:15     | Reached skill level 15 in Invocations
 60009 | D:15     | Identified the ring of Visiuxad {*Drain rN+ Dex+8 SInv}
                  | (You found it on level 15 of the Dungeon)
 60028 | D:15     | Found a shimmering blue altar of Sif Muna.
 60031 | D:15     | Found a transporter.
 60398 | Vaults:1 | Entered Level 1 of the Vaults
 60946 | Vaults:1 | Found Ibenk's Magic Scroll Shoppe.
 60994 | Vaults:1 | Bought a scroll of magic mapping for 49 gold pieces
 60994 | Vaults:1 | Bought a scroll of teleportation for 42 gold pieces
 60994 | Vaults:1 | Bought a scroll of magic mapping for 49 gold pieces
 60994 | Vaults:1 | Bought a scroll of teleportation for 42 gold pieces
 60994 | Vaults:1 | Bought a scroll of teleportation for 42 gold pieces
 60994 | Vaults:1 | Bought a scroll of enchant weapon for 105 gold pieces
 60994 | Vaults:1 | Bought a scroll of enchant weapon for 105 gold pieces
 60994 | Vaults:1 | Bought a scroll of fear for 49 gold pieces
 61302 | Vaults:1 | Reached skill level 19 in Fighting
 61562 | Vaults:1 | Reached XP level 21. HP: 174/211 MP: 32/32
 61828 | Vaults:1 | Found a runed translucent gate.
 61828 | Vaults:1 | Found a runed translucent gate.
 61829 | Vaults:1 | Noticed Ulaemata's ghost (adept HaHu)
 61830 | Vaults:1 | Found a runed translucent gate.
 62645 | Vaults:2 | Found Tuwnut's Weapon Emporium.
 64147 | Vaults:3 | Found a staircase to the Crypt.
 64211 | Crypt:1  | Entered Level 1 of the Crypt
 64530 | Crypt:1  | Reached skill level 20 in Fighting
 65597 | Crypt:2  | Reached XP level 22. HP: 220/223 MP: 34/34
 66115 | Crypt:2  | Identified the cursed ring of Inuetuh {rPois Dex-4} (You
                  | found it on level 2 of the Crypt)
 66126 | Crypt:3  | Entered Level 3 of the Crypt
 66186 | Crypt:3  | Noticed Boris
 66322 | Crypt:2  | Killed Boris
 67088 | Crypt:3  | Noticed Jory
 67121 | Crypt:3  | Killed Jory
 67283 | Crypt:3  | Found a staircase to the Tomb.
 67525 | Crypt:3  | Found a basalt altar of Yredelemnul.
 67577 | Crypt:3  | Reached skill level 21 in Fighting
 69350 | Vaults:4 | Reached skill level 15 in Armour
 69676 | Vaults:4 | Reached XP level 23. HP: 215/236 MP: 35/35
 70522 | Vaults:4 | Found a hide-covered altar of Uskayaw.
 70774 | Depths:1 | Entered Level 1 of the Depths
 70926 | Depths:1 | Found Lescho Rammu's Armour Boutique.
 70976 | Depths:1 | Found a gateway to a ziggurat.
 70986 | Zig:1    | Entered Level 1 of a ziggurat
 71004 | Zig:2    | Entered Level 2 of a ziggurat
 71034 | Zig:3    | Entered Level 3 of a ziggurat
 71083 | Zig:4    | Entered Level 4 of a ziggurat
 71120 | Zig:4    | Identified Beownej's Papyrus of Conjuration and Fire
 71142 | Depths:1 | Found Noti's Antique Armour Shop.
 71359 | Depths:1 | Found Xugiafin's Gadget Shoppe.
 71379 | Depths:1 | Bought a wand of acid (10) for 336 gold pieces
 71379 | Depths:1 | Bought a wand of acid (9) for 312 gold pieces
 71587 | Depths:1 | Found Sopriwn's Antique Weapon Boutique.
 71601 | Depths:1 | Reached skill level 22 in Fighting
 72021 | Depths:1 | Found a gateway to Hell.
 72152 | Hell     | Entered the Vestibule of Hell
 72152 | Hell     | Noticed Geryon
 72303 | Hell     | Noticed Murray
 72499 | Hell     | Killed Murray
 72758 | Hell     | Killed Geryon
 72809 | Hell     | Found a gateway to the decaying netherworld of Tartarus.
 72868 | Hell     | Found a gateway to the freezing wastes of Cocytus.
 72980 | Hell     | Found a gateway to the Iron City of Dis.
 73024 | Hell     | Found a gateway to the ashen valley of Gehenna.
 73292 | Depths:2 | Reached XP level 24. HP: 223/249 MP: 36/36
 73450 | Depths:2 | Noticed Boris
 73464 | Depths:2 | Killed Boris
 74265 | Depths:2 | Reached skill level 23 in Fighting
 74523 | Depths:2 | Learned a level 1 spell: Apportation
 74526 | Depths:2 | Learned a level 2 spell: Blink
 75110 | Depths:3 | Reached skill level 1 in Translocations
 75404 | Depths:3 | Gained mutation: Your flesh is heat resistant. (rF+) [a
                  | neqoxec]
 75434 | Depths:3 | Found a one-way gate leading to the halls of Pandemonium.
 75600 | Depths:3 | Found a runed translucent door.
 75881 | Depths:3 | You fall into a shaft and drop 2 floors!
 75881 | Depths:5 | Entered Level 5 of the Depths
 76044 | Depths:5 | Reached skill level 5 in Translocations
 76155 | Depths:5 | Reached XP level 25. HP: 253/262 MP: 36/36
 76197 | Depths:5 | Found a one-way gate to the infinite horrors of the Abyss.
 76380 | Depths:5 | Found a hazy altar of Hepliaklqana.
 76489 | Depths:5 | Found a gate to the Realm of Zot.
 76847 | Depths:5 | Voluntarily entered the Abyss.
 77257 | Abyss:2  | Reached skill level 24 in Fighting
 77440 | Abyss:2  | Paralysed by accursed screaming for 1 turns
 77476 | Abyss:2  | Gained mutation: Your magical capacity is low. (-10% MP) [a
                  | neqoxec]
 77481 | Abyss:2  | Gained mutation: Your magical capacity is very low. (-20%
                  | MP) [a neqoxec]
 77485 | Abyss:2  | Gained mutation: You are frail. (-10% HP) [a neqoxec]
 77487 | Abyss:2  | Gained mutation: Your magical capacity is extremely low.
                  | (-30% MP) [a neqoxec]
 77488 | Abyss:2  | Gained mutation: You are dopey. (Int -2) [a cacodemon]
 77795 | Abyss:4  | Gained mutation: You occasionally shout uncontrollably at
                  | your foes. [a neqoxec]
 77990 | Abyss:4  | Got an abyssal rune of Zot
 77997 | Depths:5 | Escaped the Abyss
 78294 | Depths:4 | Found a transporter.
 78298 | Depths:4 | Found the +6 lightning scales {run, rElec}
 78313 | Depths:4 | Found a transporter.
 78323 | Depths:4 | Found a viscous altar of Jiyva.
 78334 | Depths:4 | Gained mutation: You have large cloven feet. [a shining
                  | eye]
 78392 | Depths:4 | Lost mutation: Your magical capacity is extremely low.
                  | (-30% MP) [potion of mutation]
 78392 | Depths:4 | Lost mutation: You have large cloven feet. [potion of
                  | mutation]
 78392 | Depths:4 | Lost mutation: You are dopey. (Int -2) [potion of mutation]
 78392 | Depths:4 | Gained mutation: Your spells are a little harder to cast,
                  | but a little more powerful. [potion of mutation]
 78392 | Depths:4 | Gained mutation: Your system is resistant to poisons.
                  | (rPois) [potion of mutation]
 78392 | Depths:4 | Gained mutation: You expend magic power (3 MP) to
                  | strengthen your wands. [potion of mutation]
 78393 | Depths:4 | Lost mutation: You expend magic power (3 MP) to strengthen
                  | your wands. [potion of mutation]
 78393 | Depths:4 | Lost mutation: Your spells are a little harder to cast, but
                  | a little more powerful. [potion of mutation]
 78393 | Depths:4 | Gained mutation: You are dopey. (Int -2) [potion of
                  | mutation]
 78393 | Depths:4 | Gained mutation: You possess an exceptional clarity of
                  | mind. [potion of mutation]
 78394 | Depths:4 | Lost mutation: Your magical capacity is very low. (-20% MP)
                  | [potion of mutation]
 78394 | Depths:4 | Lost mutation: You occasionally shout uncontrollably at
                  | your foes. [potion of mutation]
 78394 | Depths:4 | Lost mutation: You possess an exceptional clarity of mind.
                  | [potion of mutation]
 78394 | Depths:4 | Gained mutation: You have sharp fingernails. [potion of
                  | mutation]
 78394 | Depths:4 | Gained mutation: You are very dopey. (Int -4) [potion of
                  | mutation]
 78394 | Depths:4 | Gained mutation: Your muscles are strong. (Str +2) [potion
                  | of mutation]
 78402 | Depths:4 | Identified the ring "Huze Bag" {Ice rElec Int+3} (You found
                  | it on level 4 of the Depths)
 79443 | Depths:3 | Reached skill level 25 in Fighting
 79721 | Depths:5 | Reached XP level 26. HP: 250/250 MP: 32/32
 79764 | Zot:1    | Entered Level 1 of the Realm of Zot
 79965 | Zot:1    | Killed from afar by a green draconian annihilator

Illustrated notes

Levels and vault maps discovered:
D:1:      enne_arrival_octagon_isle, layout_loops_ring
D:2:      layout_basic, grunt_ministairs_9
D:3:      layout_basic, overflow_temple_1_default,
          grunt_temple_overflow_champion_of_chaos, tgw_sif,
          chequers_ecumenical_altar_simple, ebering_ghost_disaster_area,
          cheibrodos_ashenzari_chains, uniq_natasha, uniq_grinder
D:4:      layout_layer_cave, zin_purify, serial_rivers,
          chequers_serial_rivers_micro_d, chequers_serial_rivers_micro_a,
          chequers_serial_rivers_micro_b, chequers_serial_rivers_room_a,
          gammafunk_ghost_necromancy, serial_park_tiny_pond, minmay_box_of_dots
D:5:      layout_cave_pools, general_overflow_altar,
          nicolae_qazlal_general_emergency, nicolae_tso_besieged_by_evil,
          kennysheep_boxes
D:6:      layout_cave_pools, grunt_gozag_statues, serial_shops,
          nicolae_shop_trees, uniq_prince_ribbit1, uniq_menkaure
D:7:      layout_cave_pods, lemuel_mausoleum_altar_kikubaaqudgha,
          minmay_temple_entry_butterflies, uniq_maggie
D:8:      layout_cave_pods, uniq_erica
D:9:      layout_cave_pools, elyvilon_altar_5, okawaru_metal_pillars_1_2,
          dpeg_lair_monsters, special_room [special_room_bee], uniq_pikel
D:10:     layout_stronghold, serial_shops, shop, minmay_misc_feat_room,
          minmay_guarded_unrand_finisher, uniq_grum
D:11:     layout_small_grid, erik_orc_1
D:12:     layout_rooms, gammafunk_ghost_fury_of_okawaru, uniq_erolcha
D:13:     layout_roguey, special_room [special_room_orc],
          minmay_misc_feat_roman, st_stairs_8
D:14:     layout_rooms, david_vaults_1, grunt_decor_one_mirror, special_room
          [special_room_orc]
D:15:     hangedman_spin_cycle, uniq_kirke, uniq_rupert
Lair:1:   layout_roguey, ebering_ghost_disaster_area, fungi_pond_lemuel,
          beast_lair_carwin_10
Lair:2:   layout_regular_city, portal_ice_cave_entry_imps, st_stairs_8,
          minmay_lair_oklob_items, grunt_megastairs_4
Lair:3:   layout_regular_city, eino_house_with_fridge,
          infiniplex_staircase_pool, lemuel_fruit_fields, grunt_megastairs_2,
          serial_bayou_shore_b
Lair:4:   layout_long_grid, shoals_dummy_entry,
          nicolae_spider_entry_non_spiders, gauntlet_entry_generic
Lair:5:   layout_cave_pods, infiniplex_staircase_pool_2
Lair:6:   minmay_lair_end_enchanted_forest, layout_regular_city,
          minmay_slime_entry_eyes, serial_bayou_shore_a, uniq_josephine
Shoals:1: layout_shoals, serial_shops, shop
Shoals:2: layout_shoals, lemuel_altar_in_water
Shoals:3: layout_shoals
Shoals:4: shoals_end_simple, layout_shoals, serial_shops,
          nicolae_shop_behind_doors, uniq_mara, uniq_polyphemus
Spider:1: layout_spider_delve, uniq_asterion
Spider:2: cheibrodos_forgotten_conduit
Spider:3: layout_chambers
Spider:4: grunt_spider_rune_parallel
Orc:1:    layout_caves
Orc:2:    grunt_orc_gardens, layout_diamond_mine, grunt_orc_garden,
          grunt_orc_garden, grunt_orc_garden, grunt_orc_garden,
          bh_open_orc_temple, uniq_jorgrun
Elf:1:    elf_arrival_002, layout_geoelf_octagon, orc_legates
Elf:2:    layout_onion_city, portal_desolation_entry_nicolae_slug,
          gammafunk_ghost_split, drop_trap
Elf:3:    grunt_elf_hall_spiral, layout_geoelf_diagonals, serial_shops, shop,
          minmay_crystal_room
Vaults:1: gammafunk_vaults_ghost_split, v_misc_8, v_misc_4,
          nicolae_vaults_little_squares_5, nicolae_vaults_triangles,
          ontoclasm_vaults_fault, vaults_room_fours, st_spiral_rooms,
          vaults_dpeg_encased_lava, vaults_room_grid, grunt_vaults_funnel,
          nicolae_vaults_rhombus_5, nicolae_vaults_network_square,
          vaults_room_grid, ontoclasm_vaults_spin, layout_vaults_omnibox,
          serial_shops, nicolae_shop_trees
Vaults:2: vaults_mumra_minichess, v_misc_33, nicolae_vaults_circle_grid_b,
          v_misc_28, nicolae_vaults_network_periphery, nicolae_vaults_asterisk,
          layout_vaults_chaotic_city, serial_shops, nicolae_shop_crystal
Vaults:3: v_misc_9, nicolae_vaults_network_barrier, st_more_cells,
          grunt_vaults_diagonal, v_misc_14, minmay_crypt_entry_simple_round,
          nicolae_vaults_mini_display_case, nicolae_vaults_alarming,
          layout_vaults_quadrants
Vaults:4: nicolae_vaults_diagonal_hallway_9, grunt_vaults_trifunnel,
          vaults_mumra_lcd, hangedman_vaults_variations, vaults_dpeg_ring,
          nicolae_vaults_big_angled_halls, vaults_dpeg_hooks,
          vaults_room_hallway, nicolae_vaults_network_quinsquares
          [nicolae_vaults_network_quincunx_subvault,
          nicolae_vaults_network_quincunx_subvault,
          nicolae_vaults_network_quincunx_subvault,
          nicolae_vaults_network_quincunx_subvault], vaults_mumra_hex,
          vaults_room_fours, nicolae_vaults_shelves_hall,
          dpeg_vaults_monster_row, nicolae_vaults_little_ls,
          layout_vaults_maze_bifur, basic_altar
Crypt:1:  layout_gridlike, grunt_megastairs_3, grunt_crypt_arrival_webbed
Crypt:2:  layout_gridlike, serial_glass, glass_columns_b, glass_columns_a,
          glass_columns_a, glass_columns_a, glass_columns_c, glass_columns_a,
          lemuel_freeze_loot_1, grunt_megastairs_1, uniq_margery
Crypt:3:  church_of_pain_bobbens, layout_chaotic_city,
          nicolae_tomb_entry_rubble_hallway, uniq_boris, uniq_jory
Depths:1: layout_honeycomb, enter_ziggurat_e, grunt_mini_vestibule,
          serial_shops, nicolae_shop_temple_entry_statues_fountains,
          nicolae_shop_competitors_out_of_business,
          nicolae_shop_overgrown_old_shop, shop, grunt_decor_resistance,
          hangedman_cracks_in_the_wall
Depths:2: minmay_the_grid_triangle_9x9_rhombus_full
          [minmay_the_grid_triangle_9x9_skeleton,
          minmay_the_grid_triangle_9x9_dagger,
          minmay_the_grid_triangle_9x9_zippers_vertical,
          minmay_the_grid_triangle_9x9_descending_squares,
          minmay_the_grid_triangle_9x9_cache,
          minmay_the_grid_triangle_9x9_zippers_horizontal,
          minmay_the_grid_triangle_9x9_steps,
          minmay_the_grid_triangle_9x9_prize_insulated], layout_gridlike,
          hell_entry, chequers_serial_rivers_large_a
Depths:3: cross_vault, layout_gridlike, hangedman_coc_ice_floe,
          rand_demon_pan_entry_4, dk_noncrumbling_3, hangedman_aerie_drop
Depths:4: gammafunk_jiyva_shrine, layout_gridlike,
          pf_vacation_house_of_asmodeus, minmay_misc_feat_rugged,
          abyss_entry_crystal, kennysheep_generic_room_2,
          infiniplex_staircase_pool_1
Depths:5: evilmike_zot_entry_diamond, layout_long_grid,
          abyss_entry_small_statue_room, old_standard_altar, hell_entry,
          minivault_1, grunt_ministairs_3, minmay_fractal_squares_diagonal_5
Hell
Zot:1:    circus_mu, layout_onion, amethyst_zot_foddershock

Skill      XL: |  1  2  3  4  5  6  7  8  9 10 11 12 13 14 15 16 17 18 19 20 21 22 23 24 25 |
---------------+----------------------------------------------------------------------------+-----
Axes           | 3 4 5 6 7 9 12 14 16 19 20 | 20.0
Armour         | 3 5 7 9 10 11 12 13 14 15 16 17 | 17.5
Shields        | 3 5 7 9 |  9.0
Fighting       | 4 6 8 10 12 13 14 16 17 19 20 21 22 23 25 | 25.3
Invocations    | 9 10 12 13 14 15 16 17 18 | 18.7
Evocations     | 3 6 8 9 11 12 13 14 | 14.5
Translocations | 5 9 |  9.8

Action                   |  1- 3 |  4- 6 |  7- 9 | 10-12 | 13-15 | 16-18 | 19-21 | 22-24 | 25-27 || total
-------------------------+-------+-------+-------+-------+-------+-------+-------+-------+-------++-------
Melee: War axe           |    99 |   143 |   315 |   110 |       |       |       |       |       ||   667
       Tailslap          |     8 |    14 |    48 |    79 |   228 |   199 |   295 |   303 |   138 ||  1312
       Unarmed           |       |     2 |       |    14 |       |       |       |       |       ||    16
       Hand axe          |       |       |       |    64 |       |       |       |       |       ||    64
       Broad axe         |       |       |       |   365 |  1468 |  1416 |  1555 |  1590 |   653 ||  7047
       Morningstar       |       |       |       |       |     8 |       |       |       |       ||     8
       Kick              |       |       |       |       |       |       |       |       |     3 ||     3
Throw: Dart              |    27 |    46 |    50 |     6 |       |       |       |       |       ||   129
       Boomerang         |       |       |       |    44 |    62 |   111 |   102 |    45 |     2 ||   366
Invok: Divine Shield     |       |       |       |    11 |     9 |     8 |     4 |     2 |       ||    34
       Cleansing Flame   |       |       |       |       |     1 |       |       |     7 |       ||     8
       Brand Weapon With |       |       |       |       |     1 |       |       |       |       ||     1
 Abil: Rolling Charge    |    16 |     7 |    10 |    11 |    39 |    63 |    47 |    10 |     2 ||   205
Evoke: Wand              |       |       |     3 |     7 |    17 |    14 |    13 |     2 |       ||    56
       Tin of tremorston |       |       |       |       |     2 |     3 |     8 |     8 |     3 ||    24
       Lightning rod     |       |       |       |       |       |     8 |     1 |       |       ||     9
       Box of beasts     |       |       |       |       |       |     1 |     2 |       |       ||     3
  Use: Potion            |     1 |     4 |     2 |     4 |     4 |    15 |     1 |     4 |     3 ||    38
       Scroll            |       |     5 |     7 |    10 |    15 |    15 |    16 |     5 |     8 ||    81
Armor: Scale mail        |    59 |       |       |       |       |       |       |       |       ||    59
       Plate armour      |    11 |   106 |   215 |    51 |   230 |   682 |   681 |   285 |       ||  2261
       Chain mail        |       |       |       |   173 |   394 |       |       |       |       ||   567
       Skin              |       |       |       |    11 |       |       |       |       |       ||    11
       Storm dragon scal |       |       |       |       |       |   156 |       |       |       ||   156
       Gold dragon scale |       |       |       |       |       |       |       |   812 |   678 ||  1490
Dodge: Dodged            |    14 |    15 |    28 |    77 |   253 |   368 |   322 |   177 |    78 ||  1332
Block: Kite shield       |    49 |    44 |   124 |   322 |   860 |  1088 |   745 |   914 |   442 ||  4588

Table legend: (Time is in decaauts)
 A = Elapsed time spent in this place.
 B = Non-inter-level travel time spent in this place.
 C = Inter-level travel time spent in this place.
 D = Time resting spent in this place.
 E = Time spent auto-exploring this place.
 F = Levels seen in this place.
 G = Mean time per level.
                   A        B        C        D        E       F      G
               +--------+--------+--------+--------+--------+-----+--------+
         Total |  79056 |  74275 |   4781 |  20202 |  39541 |  58 | 1363.0 |
       Dungeon |  19621 |  17687 |   1934 |   4003 |  10325 |  15 | 1308.1 |
          Lair |  12005 |  11216 |    789 |   2124 |   7292 |   6 | 2000.8 |
        Shoals |   8041 |   7653 |    388 |   2649 |   3951 |   4 | 2010.2 |
   Spider Nest |   7122 |   6886 |    236 |   3267 |   2531 |   4 | 1780.5 |
  Orcish Mines |   3809 |   3585 |    224 |   1360 |   1660 |   2 | 1904.5 |
   Elven Halls |   6058 |   5704 |    354 |   1685 |   2908 |   3 | 2019.3 |
        Vaults |   5783 |   5559 |    224 |    447 |   4040 |   4 | 1445.8 |
         Crypt |   4163 |   3836 |    327 |   1019 |   1959 |   3 | 1387.7 |
        Depths |   6784 |   6503 |    281 |    948 |   4011 |   5 | 1356.8 |
          Hell |    547 |    526 |     21 |      0 |    333 |   1 |  547.0 |
           Zot |    109 |    109 |      0 |      0 |     35 |   1 |  109.0 |
         Abyss |   1102 |   1102 |      0 |     50 |    192 |   4 |  275.5 |
      Ziggurat |    122 |    122 |      0 |      0 |      0 |   4 |   30.5 |
    Desolation |   2675 |   2675 |      0 |   2048 |      8 |   1 | 2675.0 |
      Gauntlet |   1110 |   1110 |      0 |    597 |    292 |   1 | 1110.0 |
               +--------+--------+--------+--------+--------+-----+--------+

Top non-repeatable levels by time:
Spider:3: 3012 daAuts
Shoals:3: 2751 daAuts
Shoals:2: 2733 daAuts
Desolation: 2675 daAuts
     D:9: 2644 daAuts
   Elf:1: 2484 daAuts
  Lair:3: 2364 daAuts
  Lair:2: 2333 daAuts
   Orc:2: 2323 daAuts
  Lair:1: 2113 daAuts
  Lair:6: 2089 daAuts
Spider:1: 2000 daAuts
   Elf:3: 1959 daAuts
Shoals:1: 1953 daAuts
     D:8: 1930 daAuts
